 Dungeon Crawl Stone Soup version 0.18-a0-9-gd4dcb6f (webtiles) character file.

9037 DarthRa the Cleaver (level 11, -1/69 HPs)
             Began as a Demonspawn Abyssal Knight on Oct 31, 2015.
             Was the Champion of Lugonu.
             Slain by an orc knight
             ... wielding a +0 battleaxe
              (23 damage)
             ... on level 3 of the Orcish Mines on Nov 1, 2015.
             The game lasted 01:15:14 (11341 turns).

DarthRa the Cleaver (Demonspawn Abyssal Knight)    Turns: 11341, Time: 01:15:14

Health: -1/69      AC: 14    Str: 23    XL:     11   Next: 17%
Magic:  0/17       EV: 17    Int: 14    God:    Lugonu [******]
Gold:   809        SH:  0    Dex: 21    Spells: 0 memorised, 10 levels left

rFire  . . .     SeeInvis +     b - +2 executioner's axe (venom)
rCold  + . .     Clarity  .     I - +3 ring mail {rC+}
rNeg   . . .     SustAt   .     (shield currently unavailable)
rPois  .         Gourm    .     H - +0 helmet
rElec  .         Spirit   +     y - +0 cloak
rCorr  .         Warding  .     x - +1 pair of gloves
rMut   .         Stasis   .     (no boots)
MR     +....                    B - amulet of regeneration
Stlth  ++........               G - ring of see invisible
                                D - +4 ring of strength

@: mighty, agile, very slightly contaminated, somewhat resistant to hostile
enchantments, unstealthy
A: talons 2, rugged brown scales 1, agile 1, frail 1, magic resistance 1, sense
surroundings 1, spiny 1, magic shield, magic regeneration
a: Depart the Abyss, Bend Space, Banish, Corrupt, Enter the Abyss, Brand Weapon
With Distortion, Renounce Religion


You were on level 3 of the Orcish Mines.
You worshipped Lugonu.
Lugonu was exalted by your worship.
You were hungry.

You visited 3 branches of the dungeon, and saw 14 of its levels.
You visited the Abyss 1 time.

You collected 1165 gold pieces.
You spent 356 gold pieces at shops.

Inventory:

Hand Weapons
 b - a +2 executioner's axe of venom (weapon)
 n - a +0 shortbow of evasion
 A - a +1 war axe of draining
Missiles
 d - 265 stones
 i - 26 poisoned needles
 q - 17 tomahawks (quivered)
 z - 17 sling bullets
 K - a throwing net
 L - 5 javelins
Armour
 o - a +1 scale mail of fire resistance
 x - a +1 pair of gloves (worn)
 y - a +0 cloak (worn)
 H - a +0 helmet (worn)
 I - a +3 ring mail of cold resistance (worn)
Jewellery
 B - an amulet of regeneration (around neck)
 D - a +4 ring of strength (left hand)
 G - a ring of see invisible (right hand)
Wands
 J - a wand of digging (13)
 T - a wand of flame (45)
Scrolls
 e - 4 scrolls of identify
 g - a scroll of blinking
 h - a scroll of fog
 k - 8 scrolls of remove curse
 t - a scroll of noise
 F - 3 scrolls of enchant weapon
Potions
 m - a potion of magic
 p - 2 potions of might
 r - a potion of poison {unknown}
 C - a potion of brilliance
 E - 2 potions of flight
Comestibles
 a - 10 royal jellies
 c - 6 bread rations
 f - 5 meat rations
 l - 15 chunks of flesh
 u - 3 beef jerkies
 w - 3 fruits


   Skills:
 - Level 3.0 Fighting
   Level 3.0 Long Blades
 * Level 13.4 Axes
 - Level 1.7 Throwing
 + Level 4.5 Armour
 - Level 2.4 Dodging
 + Level 8.1 Invocations


You had 10 spell levels left.
You didn't know any spells.

Dungeon Overview and Level Annotations

Branches:
Dungeon (10/15)            Temple (1/1) D:5             Orc (3/4) D:9
   Lair: D:8-11         Elf: Orc:3-4

Altars:
Ashenzari
Cheibriados
Dithmenos
Elyvilon
Fedhas
Gozag
Kikubaaqudgha
Makhleb
Nemelex Xobeh
Okawaru
Qazlal
Ru
Sif Muna
Trog
Vehumet
Xom
Yredelemnul
Zin
The Shining One
Beogh

Shops:
D:5 =   D:9 *((


Innate Abilities, Weirdness & Mutations

You have razor-sharp toenails.
You are partially covered in rugged brown scales (AC +1, +3% HP).
You are partially covered in sharp spines.
When hurt, damage is shared between your health and your magic reserves.
You regenerate magic rapidly.
You are agile. (Dex +2)
You are frail (-10% HP).
You are resistant to hostile enchantments.
You passively map a small area around you.


Message History

Lugonu accepts your kill.
You hit the orc knight.
The orc knight is lightly wounded.
The orc knight hits you with a battleaxe!
* * * LOW HITPOINT WARNING * * *
You are too injured to fight recklessly!
You slash the orc knight!
The orc knight looks even sicker.
You claw the orc knight, but do no damage.
The orc knight is moderately wounded.
The orc knight is struck by your spines.
The orc knight completely misses you.
You barely miss the orc knight. Your kick misses the orc knight.
The orc knight is heavily wounded.
The orc knight barely misses you.
You slash the orc knight!
You claw the orc knight, but do no damage.
The orc knight is heavily wounded.
The orc knight is struck by your spines.
The orc knight hits you with a battleaxe!!
You die...

, , , , , *
,, * ,
##+## ,
,*##..§###
, #.)§...#
, #...§.§#
#...§§.# ,
,,
##).)...#
,,#.[.@o.$#
,##......$#
#.....$$$#
*
##########


You could see an orc knight.

Vanquished Creatures
  Erolcha (D:8)
  Harold (Orc:2)
  An unseen horror (D:9)
  The ghost of aves the Cudgeler, a novice VSFi of Okawaru (D:4)
  A wyvern (D:8)
  A wraith (D:9)
  A hungry ghost (D:7)
  A warg (Orc:1)
  4 hippogriffs
  2 soldier ants (D:8)
  Edmund (D:4)
  14 orc warriors
  2 sky beasts
  A black bear (D:9)
  A necrophage (D:9)
  4 centaurs
  4 ogres
  A big kobold (D:9)
  6 giant frogs
  3 scorpions
  A water moccasin skeleton (D:4)
  6 killer bees (D:8)
  4 wights
  A giant frog zombie (D:6)
  4 hounds
  5 crimson imps
  7 orc priests
  A quasit (D:9)
  3 human zombies (D:9)
  2 jellies
  A wasp zombie (D:8)
  A giant frog skeleton (D:6)
  15 orc wizards
  A centaur skeleton (D:9)
  2 human skeletons (D:9)
  Ijyb (D:2)
  A gnoll shaman (D:6)
  2 iguanas
  6 worker ants
  A hound zombie (D:9)
  2 mummies (D:9)
  8 adders
  12 gnolls
  A shadow imp (D:5)
  An adder zombie (D:6)
  3 adder skeletons
  104 orcs
  3 ball pythons
  5 bats
  2 giant cockroaches
  10 hobgoblins
  4 jackals (D:5)
  11 kobolds
  3 quokkas
  A ball python skeleton (D:5)
  3 giant geckos
  7 giant newts
  5 goblins
  2 orc zombies (D:9)
  A quokka skeleton (D:7)
  2 rats
306 creatures vanquished.

Notes
Turn   | Place    | Note
--------------------------------------------------------------
     0 | Abyss:1  | DarthRa the Demonspawn Abyssal Knight began the quest for the Orb.
     0 | Abyss:1  | Reached XP level 1. HP: 18/18 MP: 2/2
    12 | D:1      | Escaped the Abyss
   301 | D:1      | Gained mutation: When hurt, damage is shared between your health and your magic reserves. [demonic ancestry]
   301 | D:1      | Reached XP level 2. HP: 20/24 MP: 4/4
  1013 | D:2      | Found a shadowy altar of Dithmenos.
  1739 | D:2      | Noticed Ijyb
  1752 | D:2      | Killed Ijyb
  1752 | D:2      | Reached skill level 4 in Invocations
  1752 | D:2      | Gained mutation: You are partially covered in sharp spines. [demonic ancestry]
  1752 | D:2      | Reached XP level 3. HP: 25/29 MP: 4/6
  1793 | D:2      | Reached ** piety under Lugonu
  1890 | D:3      | Gained mutation: You have sharp toenails. [demonic ancestry]
  1890 | D:3      | Reached XP level 4. HP: 32/35 MP: 7/7
  1975 | D:3      | Reached skill level 1 in Axes
  2427 | D:3      | Found a stormy altar of Qazlal.
  2430 | D:3      | Found a blossoming altar of Fedhas.
  2534 | D:4      | Reached XP level 5. HP: 33/41 MP: 6/8
  2593 | D:4      | Noticed Edmund
  2620 | D:4      | Killed Edmund
  2620 | D:4      | Reached skill level 5 in Invocations
  2620 | D:4      | Gained mutation: You are partially covered in rugged brown scales (AC +1, +3% HP). [demonic ancestry]
  2620 | D:4      | Reached XP level 6. HP: 17/48 MP: 2/9
  2685 | D:4      | Noticed an ogre
  2692 | D:4      | Killed an ogre
  2737 | D:4      | Noticed aves's ghost (novice VSFi)
  2827 | D:5      | Entered Level 5 of the Dungeon
  3324 | D:4      | Reached skill level 6 in Invocations
  3402 | D:4      | Reached XP level 7. HP: 53/53 MP: 11/11
  3524 | D:5      | Reached *** piety under Lugonu
  3524 | D:5      | Reached skill level 5 in Axes
  3770 | D:5      | Found Eraj's Jewellery Boutique.
  3962 | D:5      | Found a blossoming altar of Fedhas.
  4025 | D:5      | Found a staircase to the Ecumenical Temple.
  4102 | Temple   | Entered the Ecumenical Temple
  4197 | D:5      | Gained mutation: You are frail (-10% HP). [mutagenic meat]
  4198 | D:5      | Gained mutation: You are agile. (Dex +2) [mutagenic meat]
  4199 | D:5      | Gained mutation: You are resistant to hostile enchantments. [mutagenic meat]
  4200 | D:5      | Gained mutation: You passively map a small area around you. [mutagenic meat]
  4551 | D:6      | Gained mutation: You regenerate magic rapidly. [demonic ancestry]
  4551 | D:6      | Reached XP level 8. HP: 45/53 MP: 9/12
  4677 | D:6      | Reached skill level 7 in Axes
  4994 | D:6      | Reached skill level 8 in Axes
  5579 | D:6      | Reached **** piety under Lugonu
  5579 | D:6      | Reached skill level 9 in Axes
  5715 | D:4      | Killed aves's ghost
  5715 | D:4      | Reached XP level 9. HP: 32/58 MP: 2/13
  5864 | D:7      | Found an iron altar of Okawaru.
  6148 | D:7      | Upgraded the game from 0.18-a0-2-g0e512fa to 0.18-a0-9-gd4dcb6f
  6179 | D:7      | Reached skill level 10 in Axes
  6550 | D:7      | Found a white marble altar of Elyvilon.
  6557 | D:7      | Found a burning altar of Makhleb.
  6558 | D:7      | Found a basalt altar of Yredelemnul.
  6558 | D:7      | Found a glowing golden altar of the Shining One.
  6558 | D:7      | Found a deep blue altar of Sif Muna.
  6561 | D:7      | Found an opulent altar of Gozag.
  6949 | D:8      | Reached skill level 11 in Axes
  7131 | D:8      | Noticed Erolcha
  7143 | D:8      | Killed Erolcha
  7143 | D:8      | Reached XP level 10. HP: 31/65 MP: 7/14
  7174 | D:8      | Reached skill level 12 in Axes
  7472 | D:8      | Found an ancient bone altar of Kikubaaqudgha.
  7696 | D:8      | Reached ***** piety under Lugonu
  8436 | D:9      | Found Nuoc's Antique Weapon Emporium.
  8611 | D:5      | Bought a +4 ring of strength for 324 gold pieces
  8857 | D:9      | Found Fytsucef's Assorted Antiques.
  8860 | D:9      | Bought a scroll labeled JYTZI SECZIRY for 32 gold pieces
  8901 | D:9      | Identified a scroll of acquirement
  9058 | D:9      | Reached skill level 1 in Dodging
  9565 | D:9      | Found a roughly hewn altar of Beogh.
  9577 | D:9      | Reached skill level 1 in Throwing
  9583 | D:9      | Found a staircase to the Orcish Mines.
  9680 | D:9      | Noticed an unseen horror
  9694 | D:9      | Killed an unseen horror
  9724 | D:9      | Found Rofasuti's Weapon Boutique.
  9998 | D:9      | Found a basalt altar of Yredelemnul.
 10002 | D:9      | Reached skill level 13 in Axes
 10196 | D:10     | Entered Level 10 of the Dungeon
 10211 | Orc:1    | Entered Level 1 of the Orcish Mines
 10817 | Orc:1    | Gained mutation: You have razor-sharp toenails. [demonic ancestry]
 10817 | Orc:1    | Reached XP level 11. HP: 54/69 MP: 12/16
 11061 | Orc:2    | Reached ****** piety under Lugonu
 11122 | Orc:2    | Noticed Harold
 11135 | Orc:2    | Killed Harold
 11328 | Orc:3    | HP: 3/69 [orc warrior/trident (7)]
 11341 | Orc:3    | Slain by an orc knight

Vault maps used:
D:1:      lemuel_arrival_hallway
D:2:      nicolae_dithmenos_shadow_blocks, first_bread, uniq_iyjb
D:3:      grunt_temple_overflow_forces_of_nature, minivault_11
D:4:      uniq_eustachio, uniq_edmund
D:5:      minmay_temple_entry_glass, basic_altar, serial_shops, shop
D:7:      okawaru_ov_weapons_minmay, minitemple, serial_glass, glass_columns_a,
          glass_columns_c, feat_on_display, minmay_strange_pillars
D:8:      nicolae_overflow_crystal_walls, serial_co_window_serial,
          co_window_paths_a, co_window_paths_b, co_window_of_opportunity_a,
          co_window_corner_a, co_window_cross_1, co_window_paths_a,
          co_window_paths_a, co_window_broadway_a, co_window_paths_c,
          co_window_corner_b, co_window_paths_c, co_window_corner_b,
          co_window_sun, glass_columns_a, glass_columns_a, glass_columns_c,
          glass_columns_a, glass_columns_b, hangedman_pestilent_swarm,
          uniq_erolcha
D:9:      david_orc_5, serial_shops, shop, shop_statue,
          nicolae_shop_window_shopping, lemuel_mausoleum_altar_yredelemnul
D:10:     david_lair_generic
Temple:   circular_temple_pool_8
Orc:2:    statue_in_the_mist_lemuel, uniq_harold
Orc:3:    orc_temple, special_room, serial_shops, shop, shop, shop, shop,
          shop_fountains, nicolae_orc_pool_cavern, uniq_maud

Action                   |  1- 3 |  4- 6 |  7- 9 | 10-12 || total
-------------------------+-------+-------+-------+-------++-------
Melee: Falchion          |    70 |       |       |       ||    70
       War axe           |     2 |    74 |   221 |    80 ||   377
       Executioner's axe |       |       |       |   203 ||   203
Throw: Stone             |    82 |    53 |   104 |    25 ||   264
       Throwing net      |       |     2 |     2 |       ||     4
       Javelin           |       |       |    21 |    22 ||    43
       Tomahawk          |       |       |       |    84 ||    84
Invok: Bend Space        |       |       |       |     4 ||     4
Evoke: Wand              |       |       |     3 |       ||     3
  Use: Scroll            |     2 |       |    11 |     6 ||    19
       Potion            |       |       |     9 |     6 ||    15
 Stab: Sleeping          |       |     2 |       |     3 ||     5
  Eat: Chunk             |     3 |     3 |    17 |    12 ||    35
       Fruit             |       |       |     1 |     1 ||     2
       Royal jelly       |       |       |       |     1 ||     1
       Pizza             |       |       |       |     1 ||     1
